Flyers vs Blackhawks
Created - May 5, 2019 at 20:05
Goals
|
| Flyers |
0 |
2 |
3 |
5 |
| Blackhawks |
2 |
0 |
0 |
2 |
|
Shots
|
| Flyers |
7 |
16 |
12 |
35 |
| Blackhawks |
6 |
8 |
8 |
22 |
|
1st period
1. Blackhawks , Daniel Cleary 5 (Zac Rinaldo 7) at 8:37
2. Blackhawks , Mason Raymond 4 (Daniel Cleary 6, Tyler Johnson 37) at 11:44
Penalties :
Loui Eriksson (Phi) for Interference (Minor) at 15:49, Steve Mason (Phi) for Slashing (Minor) at 15:56 - Jeff Carter served the penalty, Tyler Johnson (Chi) for Slashing (Minor) at 19:12
2nd period
3. Flyers , Drew Miller 43 (Jeff Carter 74, Jakub Voracek 56) at 0:44 (PP)
4. Flyers , Jaromir Jagr 17 (Kyle Wellwood 56, Chris Mcallister 23) at 5:54
Penalties :
Chris Kreider (Chi) for Holding (Minor) at 7:19, Kyle Wellwood (Phi) for Hooking (Minor) at 12:54, Brian McGrattan (Phi) for Butt-ending (Major / Game Misconduct) at 15:23
3rd period
5. Flyers , Drew Miller 44 (Jakub Voracek 57, Jeff Carter 75) at 5:52
6. Flyers , Jakub Voracek 39 (Drew Miller 55, Jeff Carter 76) at 6:45 (PP)
7. Flyers , Loui Eriksson 20 (Marcus Kruger 19, Brian Lashoff 12) at 10:24
Penalties :
Bobby Ryan (Chi) for Hooking (Minor) at 6:37, Drew Miller (Phi) for Roughing (Minor) at 12:48, Matthew Lombardi (Phi) for Hooking (Minor) at 17:58, Drew Miller (Phi) for Tripping (Minor) at 18:55
Goalie Stats
Steve Mason (Phi), 20 saves from 22 shots - (0.909), W, 17-8-2, 60:00 minutes
Al Montoya (Chi), 30 saves from 35 shots - (0.857), L, 6-6-1, 60:00 minutes
Players Stats for Flyers
Player Name G A P +/- PIM S H SB GA TA FO MP PP MP PK MP
------------------------------------------------------------------------------------
Brian Lashoff 0 1 1 2 0 0 0 2 0 1 0/0 11:15 0:00 1:05
Brian McGrattan 0 0 0 0 15 1 1 0 1 0 1/1 5:26 0:00 0:00
Chris Mcallister 0 1 1 1 0 3 0 0 0 0 1/1 16:11 1:30 1:41
Drew Miller 2 1 3 1 4 4 0 0 0 0 0/2 20:13 2:09 3:52
J.T. Miller 0 0 0 -1 0 2 3 0 1 0 0/1 13:39 0:00 4:23
Jakub Voracek 1 2 3 1 0 7 2 0 0 0 0/0 19:16 2:09 2:23
Jaromir Jagr 1 0 1 1 0 3 1 0 1 1 1/2 14:54 1:30 0:00
Jeff Carter 0 3 3 1 0 1 1 1 0 0 20/36 21:36 2:09 5:31
Jeff Woywitka 0 0 0 0 0 2 3 0 0 0 0/0 28:05 2:47 7:33
Kyle Wellwood 0 1 1 1 2 4 3 0 0 0 3/6 16:58 1:30 2:21
Loui Eriksson 1 0 1 1 2 1 2 1 0 0 0/0 9:17 0:00 0:08
Marcus Kruger 0 1 1 1 0 1 0 0 0 0 0/1 11:28 0:00 2:53
Mats Zuccarello 0 0 0 -2 0 1 1 0 0 1 0/1 7:29 0:00 0:00
Matt Smaby 0 0 0 -1 0 1 2 0 0 0 0/0 20:40 0:52 4:26
Matthew Lombardi 0 0 0 -2 2 0 0 0 0 0 3/4 7:29 0:00 0:01
Nathan Beaulieu 0 0 0 2 0 0 1 0 0 0 0/0 11:51 0:00 1:17
Oliver Ekman-Larsson 0 0 0 0 0 2 3 2 1 2 0/0 28:05 2:47 7:33
Steve McCarthy 0 0 0 -1 0 2 3 1 0 1 0/0 20:04 0:52 4:14
Players Stats for Blackhawks
Player Name G A P +/- PIM S H SB GA TA FO MP PP MP PK MP
------------------------------------------------------------------------------------
Antoine Roussel 0 0 0 0 0 3 1 0 1 0 1/1 17:28 5:23 0:00
Bobby Ryan 0 0 0 0 2 1 2 0 1 0 0/0 17:27 5:23 0:00
Cam Janssen 0 0 0 0 0 1 1 0 0 1 1/2 11:00 0:48 0:51
Chris Kreider 0 0 0 -1 2 2 0 2 0 0 0/1 21:58 6:36 0:18
Daniel Cleary 1 1 2 0 0 1 0 0 0 0 0/0 6:46 0:00 0:00
Denis Grebeshkov 0 0 0 -2 0 0 1 3 0 0 0/0 21:13 5:06 1:45
Derick Brassard 0 0 0 -1 0 1 2 0 4 0 14/24 24:06 6:37 2:33
Hampus Lindholm 0 0 0 1 0 0 2 0 0 0 0/0 10:56 0:40 0:00
Joni Pitkanen 0 0 0 0 0 3 2 2 0 1 0/0 27:51 7:18 1:54
Kevin Marshall 0 0 0 1 0 0 1 0 0 0 0/0 10:56 0:40 0:00
Lasse Kukkonen 0 0 0 -2 0 1 0 0 0 0 0/0 21:13 5:06 1:45
Mason Raymond 1 0 1 0 0 2 1 0 0 0 0/0 7:37 0:23 0:19
Mike Green 0 0 0 0 0 1 0 1 0 2 0/0 27:51 7:18 1:54
Peter Regin 0 0 0 0 0 1 0 0 0 0 1/6 10:14 0:53 0:00
Rick Nash 0 0 0 -1 0 4 3 2 0 0 4/10 24:05 6:37 2:32
Tomas Fleischmann 0 0 0 0 0 0 4 0 0 0 0/0 10:10 0:49 0:00
Tyler Johnson 0 1 1 0 2 1 3 1 0 0 3/8 18:21 5:23 0:45
Zac Rinaldo 0 1 1 0 0 0 0 0 0 0 2/3 7:06 0:20 0:00
3 Stars
1 - Jakub Voracek (Phi)
2 - Drew Miller (Phi)
3 - Jeff Carter (Phi)
Power Play
Flyers - 2 on 3 Attempt(s) - 66.67%
Blackhawks - 0 on 7 Attempt(s) - 0.00%
Penalty Kill
Flyers - 7 on 7 Attempt(s) - 100.00%
- Score 0 goal in Penalty Kill
Blackhawks - 1 on 3 Attempt(s) - 33.33%
- Score 0 goal in Penalty Kill
Team Stat
Flyers - Hits : 26 - Faceoff Wins : 29 - Blocked Shots : 7 - Penalty Minutes : 27
Blackhawks - Hits : 23 - Faceoff Wins : 26 - Blocked Shots : 11 - Penalty Minutes : 6
Official
Referees : Unknown
Linesman : Unknown
Game Notes
Brian McGrattan ejected from game at 15:23 of 2nd period
Finance
Level 1 -- Attendance: 4755 (79.25%) -- Ticket Income $465,990
Level 2 -- Attendance: 3820 (76.40%) -- Ticket Income $240,660
Level 3 -- Attendance: 1384 (69.20%) -- Ticket Income $58,128
Level 4 -- Attendance: 2541 (63.53%) -- Ticket Income $78,771
Luxury Box -- Attendance: 705 (70.50%) -- Ticket Income $125,490
Game was played at the Rexall Place.
Total Attendance: 13205 (73.36%)
Total Ticket Income: $969,039
Other Income: $145,356
Total Income: $1,114,395
Flyers
5 vs 5 Forward
Center Left Wing Right Wing Time % Phy DF OF
1 Jeff Carter Drew Miller Jakub Voracek 40 1 2 2
2 Kyle Wellwood Chris Mcallister Jaromir Jagr 30 1 2 2
3 Marcus Kruger Loui Eriksson Brian McGrattan 20 1 2 2
4 Matthew Lombardi J.T. Miller Mats Zuccarello 10 1 2 2
5 vs 5 Defense
Defense Defense Time % Phy DF OF
1 Oliver Ekman-Larsson Jeff Woywitka 40 1 2 2
2 Matt Smaby Steve McCarthy 30 1 2 2
3 Brian Lashoff Nathan Beaulieu 20 1 2 2
4 Oliver Ekman-Larsson Jeff Woywitka 10 1 2 2
PowerPlay Forward
Center Left Wing Right Wing Time % Phy DF OF
1 Jeff Carter Drew Miller Jakub Voracek 60 1 2 2
2 Kyle Wellwood Chris Mcallister Jaromir Jagr 40 1 2 2
PowerPlay Defense
Defense Defense Time % Phy DF OF
1 Oliver Ekman-Larsson Jeff Woywitka 60 1 2 2
2 Matt Smaby Steve McCarthy 40 1 2 2
Penalty Kill 4 Players Forward
Center Wing Time % Phy DF OF
1 Jeff Carter Drew Miller 60 1 2 2
2 Jakub Voracek Kyle Wellwood 40 1 2 2
Penalty Kill 4 Players Defense
Defense Defense Time % Phy DF OF
1 Oliver Ekman-Larsson Jeff Woywitka 60 1 2 2
2 Matt Smaby Steve McCarthy 40 1 2 2
Penalty Kill - 3 Players Forward
Forward Time % Phy DF OF
1 Jeff Carter 60 1 2 2
2 Drew Miller 40 1 2 2
Penalty Kill - 3 Players Defense
Defense Defense Time % Phy DF OF
1 Oliver Ekman-Larsson Jeff Woywitka 60 1 2 2
2 Matt Smaby Steve McCarthy 40 1 2 2
4 vs 4 Forward
Center Wing Time % Phy DF OF
1 Jeff Carter Drew Miller 60 1 2 2
2 Jakub Voracek Kyle Wellwood 40 1 2 2
4 vs 4 Defense
Defense Defense Time % Phy DF OF
1 Oliver Ekman-Larsson Jeff Woywitka 60 1 2 2
2 Matt Smaby Steve McCarthy 40 1 2 2
Last Minutes Offensive
Center Left Wing Right Wing Defense Defense
Jeff Carter Drew Miller Jakub Voracek Oliver Ekman-Larsson Jeff Woywitka
Last Minutes Defensive
Center Left Wing Right Wing Defense Defense
Jeff Carter Drew Miller Jakub Voracek Oliver Ekman-Larsson Jeff Woywitka
Goaltenders
Starting : Steve Mason
Backup : Cory Schneider
Extra Forwards
Normal : Brian McGrattan, Loui Eriksson, J.T. Miller - PP : Brian McGrattan, Loui Eriksson - PK : J.T. Miller
Extra Defensemen
Normal : Brian Lashoff, Nathan Beaulieu, Matt Smaby - PP : Brian Lashoff - PK : Nathan Beaulieu, Matt Smaby
Penalty Shots
Jeff Carter, Drew Miller, Jakub Voracek, Kyle Wellwood, Jaromir Jagr
Scratches
Jonathan Ericsson (Right Leg Injury)
Blackhawks
5 vs 5 Forward
Center Left Wing Right Wing Time % Phy DF OF
1 Derick Brassard Chris Kreider Rick Nash 40 1 2 2
2 Tyler Johnson Antoine Roussel Bobby Ryan 30 1 2 2
3 Peter Regin Tomas Fleischmann Cam Janssen 20 1 2 2
4 Zac Rinaldo Mason Raymond Daniel Cleary 10 1 2 2
5 vs 5 Defense
Defense Defense Time % Phy DF OF
1 Mike Green Joni Pitkanen 40 1 2 2
2 Denis Grebeshkov Lasse Kukkonen 30 1 2 2
3 Kevin Marshall Hampus Lindholm 20 1 2 2
4 Mike Green Joni Pitkanen 10 1 2 2
PowerPlay Forward
Center Left Wing Right Wing Time % Phy DF OF
1 Derick Brassard Chris Kreider Rick Nash 60 1 2 2
2 Tyler Johnson Antoine Roussel Bobby Ryan 40 1 2 2
PowerPlay Defense
Defense Defense Time % Phy DF OF
1 Mike Green Joni Pitkanen 60 1 2 2
2 Denis Grebeshkov Lasse Kukkonen 40 1 2 2
Penalty Kill 4 Players Forward
Center Wing Time % Phy DF OF
1 Rick Nash Derick Brassard 60 1 2 2
2 Tyler Johnson Chris Kreider 40 1 2 2
Penalty Kill 4 Players Defense
Defense Defense Time % Phy DF OF
1 Mike Green Joni Pitkanen 60 1 2 2
2 Denis Grebeshkov Lasse Kukkonen 40 1 2 2
Penalty Kill - 3 Players Forward
Forward Time % Phy DF OF
1 Rick Nash 60 1 2 2
2 Derick Brassard 40 1 2 2
Penalty Kill - 3 Players Defense
Defense Defense Time % Phy DF OF
1 Mike Green Joni Pitkanen 60 1 2 2
2 Denis Grebeshkov Lasse Kukkonen 40 1 2 2
4 vs 4 Forward
Center Wing Time % Phy DF OF
1 Rick Nash Derick Brassard 60 1 2 2
2 Tyler Johnson Chris Kreider 40 1 2 2
4 vs 4 Defense
Defense Defense Time % Phy DF OF
1 Mike Green Joni Pitkanen 60 1 2 2
2 Denis Grebeshkov Lasse Kukkonen 40 1 2 2
Last Minutes Offensive
Center Left Wing Right Wing Defense Defense
Derick Brassard Chris Kreider Rick Nash Mike Green Joni Pitkanen
Last Minutes Defensive
Center Left Wing Right Wing Defense Defense
Derick Brassard Chris Kreider Rick Nash Mike Green Joni Pitkanen
Goaltenders
Starting : Al Montoya
Backup : Jimmy Howard
Extra Forwards
Normal : Peter Regin, Tomas Fleischmann, Cam Janssen - PP : Peter Regin, Tomas Fleischmann - PK : Cam Janssen
Extra Defensemen
Normal : Kevin Marshall, Hampus Lindholm, Denis Grebeshkov - PP : Kevin Marshall - PK : Hampus Lindholm, Denis Grebeshkov
Penalty Shots
Rick Nash, Derick Brassard, Tyler Johnson, Chris Kreider, Bobby Ryan
Scratches
None
% Time on Ice - Flyers
Lines # - Real PCT - Wanted PCT - Time Play
Normal Forward
1 - 33% - 40% - 14:13
2 - 30% - 30% - 13:00
3 - 20% - 20% - 8:35
4 - 17% - 10% - 7:29
Normal Defense
1 - 38% - 40% - 16:19
2 - 35% - 30% - 14:58
3 - 23% - 20% - 10:10
4 - 4% - 10% - 1:50
PP Forward
1 - 59% - 60% - 2:09
2 - 41% - 40% - 1:30
PP Defense
1 - 76% - 60% - 2:47
2 - 24% - 40% - 0:52
PK Forward
1 - 76% - 60% - 7:46
2 - 24% - 40% - 2:24
PK Defense
1 - 69% - 60% - 7:01
2 - 31% - 40% - 3:09
PK3 Forward
1 - 87% - 60% - 2:32
2 - 13% - 40% - 0:22
PK3 Defense
1 - 63% - 60% - 1:49
2 - 37% - 40% - 1:05
44 Forward
1 - 0% - 60%
2 - 0% - 40%
44 Defense
1 - 0% - 60%
2 - 0% - 40%
Last Minute Offensive - 0:00
Last Minute Defensive - 0:00
Total
Forward - 60:00
Defense - 60:00
|
% Time on Ice - Blackhawks
Lines # - Real PCT - Wanted PCT - Time Play
Normal Forward
1 - 35% - 40% - 15:05
2 - 28% - 30% - 12:05
3 - 22% - 20% - 9:21
4 - 16% - 10% - 6:46
Normal Defense
1 - 40% - 40% - 17:25
2 - 33% - 30% - 14:22
3 - 24% - 20% - 10:16
4 - 3% - 10% - 1:14
PP Forward
1 - 56% - 60% - 7:18
2 - 44% - 40% - 5:46
PP Defense
1 - 61% - 60% - 7:58
2 - 39% - 40% - 5:06
PK Forward
1 - 80% - 60% - 2:55
2 - 20% - 40% - 0:44
PK Defense
1 - 52% - 60% - 1:54
2 - 48% - 40% - 1:45
PK3 Forward
1 - 0% - 60%
2 - 0% - 40%
PK3 Defense
1 - 0% - 60%
2 - 0% - 40%
44 Forward
1 - 0% - 60%
2 - 0% - 40%
44 Defense
1 - 0% - 60%
2 - 0% - 40%
Last Minute Offensive - 0:00
Last Minute Defensive - 0:00
Total
Forward - 60:00
Defense - 60:00
|
Play-by-Play
1st period
0:01 of 1st period - Derick Brassard wins face-off versus Jeff Carter in neutral zone.
0:28 of 1st period - Slapshot by Mike Green.
0:28 of 1st period - Shot Misses the Net.
0:31 of 1st period - Icing by Oliver Ekman-Larsson.
0:32 of 1st period - Tyler Johnson wins face-off versus Kyle Wellwood in Flyers zone.
0:41 of 1st period - Slapshot by Antoine Roussel.
0:41 of 1st period - Shot Misses the Net.
0:56 of 1st period - Oliver Ekman-Larsson is hit by Tyler Johnson and loses puck.
1:17 of 1st period - Snap shot by Tyler Johnson.
1:17 of 1st period - Shot Blocked by Steve McCarthy.
1:19 of 1st period - Slapshot by Lasse Kukkonen.
1:19 of 1st period - Shot Misses the Net.
1:27 of 1st period - Snap shot by Antoine Roussel.
1:27 of 1st period - Stopped by Steve Mason with a rebound.
2:33 of 1st period - Snap shot by Chris Mcallister.
2:33 of 1st period - Deflect By Jaromir Jagr.
2:33 of 1st period - Shot Misses the Net.
2:33 of 1st period - Puck is out of play.
2:34 of 1st period - Derick Brassard wins face-off versus Jeff Carter in Blackhawks zone.
2:45 of 1st period - Wrist shot by Derick Brassard.
2:45 of 1st period - Shot Misses the Net.
3:01 of 1st period - Brian McGrattan is hit by Tomas Fleischmann and loses puck.
3:08 of 1st period - Slapshot by Peter Regin.
3:08 of 1st period - Shot Blocked by Brian Lashoff.
3:10 of 1st period - Slapshot by Mike Green.
3:10 of 1st period - Stopped by Steve Mason with a rebound.
3:26 of 1st period - Snap shot by Mason Raymond.
3:26 of 1st period - Shot Blocked by Brian Lashoff.
3:30 of 1st period - Wrist shot by Mason Raymond.
3:30 of 1st period - Shot Misses the Net.
3:56 of 1st period - Brian McGrattan is hit by Joni Pitkanen and loses puck.
4:18 of 1st period - Jeff Woywitka is hit by Kevin Marshall and loses puck.
4:33 of 1st period - Snap shot by Drew Miller.
4:33 of 1st period - Stopped by Al Montoya with a rebound.
4:35 of 1st period - Snap shot by Oliver Ekman-Larsson.
4:35 of 1st period - Shot Misses the Net.
5:19 of 1st period - J.T. Miller is hit by Denis Grebeshkov and loses puck.
6:56 of 1st period - Lasse Kukkonen is hit by Kyle Wellwood and loses puck.
8:02 of 1st period - Jeff Woywitka is hit by Derick Brassard and loses puck.
8:25 of 1st period - Tomas Fleischmann is hit by Mats Zuccarello and loses puck.
8:35 of 1st period - Icing by Mats Zuccarello.
8:36 of 1st period - Zac Rinaldo wins face-off versus Matthew Lombardi in Flyers zone.
8:37 of 1st period - Wrist shot by Daniel Cleary.
8:37 of 1st period - Goal by Daniel Cleary - Flyers : 0 - Blackhawks : 1.
8:38 of 1st period - Jeff Carter wins face-off versus Rick Nash in neutral zone.
8:43 of 1st period - Wrist shot by Drew Miller.
8:43 of 1st period - Deflect By Chris Kreider.
8:43 of 1st period - Shot Misses the Net.
8:43 of 1st period - Puck is out of play.
8:44 of 1st period - Derick Brassard wins face-off versus Jeff Carter in Blackhawks zone.
9:14 of 1st period - Backhand shot by Brian McGrattan.
9:14 of 1st period - Shot Misses the Net.
9:16 of 1st period - Slapshot by Jeff Woywitka.
9:16 of 1st period - Shot Misses the Net.
9:18 of 1st period - Wrist shot by Oliver Ekman-Larsson.
9:18 of 1st period - Shot Misses the Net.
9:25 of 1st period - Icing by Mike Green.
9:26 of 1st period - Jeff Carter wins face-off versus Tyler Johnson in Blackhawks zone.
9:51 of 1st period - Wrist shot by Chris Kreider.
9:51 of 1st period - Shot Misses the Net.
10:17 of 1st period - Slapshot by Cam Janssen.
10:17 of 1st period - Stopped by Steve Mason without a rebound.
10:18 of 1st period - Matthew Lombardi wins face-off versus Peter Regin in Flyers zone.
10:29 of 1st period - Wrist shot by J.T. Miller.
10:29 of 1st period - Stopped by Al Montoya without a rebound.
10:30 of 1st period - Derick Brassard wins face-off versus Jeff Carter in Blackhawks zone.
11:08 of 1st period - Slapshot by Peter Regin.
11:08 of 1st period - Shot Misses the Net.
11:44 of 1st period - Snap shot by Mason Raymond.
11:44 of 1st period - Goal by Mason Raymond - Flyers : 0 - Blackhawks : 2.
11:45 of 1st period - Jeff Carter wins face-off versus Rick Nash in neutral zone.
12:03 of 1st period - Off-side.
12:04 of 1st period - Chris Mcallister wins face-off versus Peter Regin in neutral zone.
12:49 of 1st period - Oliver Ekman-Larsson is hit by Rick Nash and loses puck.
13:04 of 1st period - Snap shot by Chris Mcallister.
13:04 of 1st period - Shot Blocked by Denis Grebeshkov.
13:06 of 1st period - Slapshot by Oliver Ekman-Larsson.
13:06 of 1st period - Stopped by Al Montoya with a rebound.
13:12 of 1st period - Slapshot by Jaromir Jagr.
13:12 of 1st period - Stopped by Al Montoya with a rebound.
13:14 of 1st period - Snap shot by Chris Mcallister.
13:14 of 1st period - Stopped by Al Montoya without a rebound.
13:15 of 1st period - Jeff Carter wins face-off versus Peter Regin in Blackhawks zone.
13:16 of 1st period - Slapshot by Drew Miller.
13:16 of 1st period - Deflect By Jeff Carter.
13:16 of 1st period - Shot Misses the Net.
13:16 of 1st period - Puck is out of play.
13:17 of 1st period - Jeff Carter wins face-off versus Peter Regin in Blackhawks zone.
13:48 of 1st period - Snap shot by Marcus Kruger.
13:48 of 1st period - Stopped by Al Montoya with a rebound.
14:29 of 1st period - Mike Green is hit by Matt Smaby and loses puck.
15:07 of 1st period - Off-side.
15:08 of 1st period - Derick Brassard wins face-off versus Mats Zuccarello in neutral zone.
15:25 of 1st period - Snap shot by J.T. Miller.
15:25 of 1st period - Stopped by Al Montoya with a rebound.
15:35 of 1st period - Hampus Lindholm is hit by Steve McCarthy and loses puck.
15:49 of 1st period - Minor Penalty to Loui Eriksson for Interference.
15:50 of 1st period - Tyler Johnson wins face-off versus Jeff Carter in Flyers zone.
15:52 of 1st period - Slapshot by Tyler Johnson.
15:52 of 1st period - Shot Blocked by Jeff Carter.
15:54 of 1st period - Slapshot by Lasse Kukkonen.
15:54 of 1st period - Shot Blocked by Oliver Ekman-Larsson.
15:56 of 1st period - Slapshot by Lasse Kukkonen.
15:56 of 1st period - Stopped by Steve Mason without a rebound.
15:56 of 1st period - Minor Penalty to Steve Mason for Slashing.
15:57 of 1st period - Derick Brassard wins face-off versus J.T. Miller in Flyers zone.
16:04 of 1st period - Wrist shot by Chris Kreider.
16:04 of 1st period - Shot Misses the Net.
16:30 of 1st period - Slapshot by Joni Pitkanen.
16:30 of 1st period - Shot Misses the Net.
17:49 of 1st period - Penalty to Loui Eriksson is over, Loui Eriksson is back on ice.
17:56 of 1st period - Penalty to Jeff Carter is over, Jeff Carter is back on ice.
17:58 of 1st period - Jeff Carter is hit by Derick Brassard and loses puck.
18:42 of 1st period - Icing by Brian Lashoff.
18:43 of 1st period - Peter Regin wins face-off versus Marcus Kruger in Flyers zone.
19:12 of 1st period - Minor Penalty to Tyler Johnson for Slashing.
19:13 of 1st period - Rick Nash wins face-off versus Jeff Carter in Blackhawks zone.
19:25 of 1st period - Derick Brassard is hit by Oliver Ekman-Larsson and loses puck.
Goals for this period are 0 for Flyers vs 2 for Blackhawks.
Shots for this period are 7 for Flyers vs 6 for Blackhawks.
2nd period
0:01 of 2nd period - Rick Nash wins face-off versus Jeff Carter in neutral zone.
0:10 of 2nd period - Wrist shot by Jeff Woywitka.
0:10 of 2nd period - Shot Misses the Net.
0:12 of 2nd period - Wrist shot by Jeff Carter.
0:12 of 2nd period - Shot Misses the Net.
0:16 of 2nd period - Slapshot by Jakub Voracek.
0:16 of 2nd period - Stopped by Al Montoya with a rebound.
0:32 of 2nd period - Slapshot by Matt Smaby.
0:32 of 2nd period - Stopped by Al Montoya with a rebound.
0:34 of 2nd period - Backhand shot by Steve McCarthy.
0:34 of 2nd period - Shot Blocked by Chris Kreider.
0:36 of 2nd period - Snap shot by Jaromir Jagr.
0:36 of 2nd period - Deflect By Kyle Wellwood.
0:36 of 2nd period - Shot Blocked by Mike Green.
0:36 of 2nd period - Puck is out of play.
0:37 of 2nd period - Kyle Wellwood wins face-off versus Cam Janssen in Blackhawks zone.
0:38 of 2nd period - Wrist shot by Chris Mcallister.
0:38 of 2nd period - Stopped by Al Montoya without a rebound.
0:39 of 2nd period - Jeff Carter wins face-off versus Chris Kreider in Blackhawks zone.
0:44 of 2nd period - Snap shot by Drew Miller.
0:44 of 2nd period - Goal by Drew Miller - Flyers : 1 - Blackhawks : 2.
0:45 of 2nd period - Jeff Carter wins face-off versus Derick Brassard in neutral zone.
0:58 of 2nd period - Snap shot by Rick Nash.
0:58 of 2nd period - Stopped by Steve Mason with a rebound.
1:41 of 2nd period - Slapshot by Brian McGrattan.
1:41 of 2nd period - Stopped by Al Montoya without a rebound.
1:42 of 2nd period - Jeff Carter wins face-off versus Tyler Johnson in Blackhawks zone.
2:14 of 2nd period - Slapshot by Antoine Roussel.
2:14 of 2nd period - Shot Misses the Net.
2:32 of 2nd period - Kyle Wellwood is hit by Tomas Fleischmann and loses puck.
2:53 of 2nd period - Zac Rinaldo is hit by Nathan Beaulieu and loses puck.
3:02 of 2nd period - Daniel Cleary is hit by Brian McGrattan and loses puck.
3:17 of 2nd period - Wrist shot by Jakub Voracek.
3:17 of 2nd period - Shot Blocked by Denis Grebeshkov.
3:19 of 2nd period - Slapshot by Oliver Ekman-Larsson.
3:19 of 2nd period - Stopped by Al Montoya without a rebound.
3:20 of 2nd period - Cam Janssen wins face-off versus Jeff Carter in Blackhawks zone.
3:47 of 2nd period - Chris Kreider is hit by Jaromir Jagr and loses puck.
4:00 of 2nd period - Wrist shot by Kyle Wellwood.
4:00 of 2nd period - Stopped by Al Montoya without a rebound.
4:01 of 2nd period - Brian McGrattan wins face-off versus Tyler Johnson in Blackhawks zone.
5:52 of 2nd period - Wrist shot by Kyle Wellwood.
5:52 of 2nd period - Stopped by Al Montoya with a rebound.
5:54 of 2nd period - Wrist shot by Jaromir Jagr.
5:54 of 2nd period - Goal by Jaromir Jagr - Flyers : 2 - Blackhawks : 2.
5:55 of 2nd period - Jeff Carter wins face-off versus Derick Brassard in neutral zone.
6:08 of 2nd period - Slapshot by Jeff Carter.
6:08 of 2nd period - Stopped by Al Montoya with a rebound.
6:22 of 2nd period - Tyler Johnson is hit by Oliver Ekman-Larsson and loses puck.
6:56 of 2nd period - Snap shot by Cam Janssen.
6:56 of 2nd period - Deflect By Peter Regin.
6:56 of 2nd period - Stopped by Steve Mason without a rebound.
6:57 of 2nd period - Derick Brassard wins face-off versus Jeff Carter in Flyers zone.
6:57 of 2nd period - Derick Brassard is hit by Jeff Woywitka.
7:09 of 2nd period - Snap shot by Drew Miller.
7:09 of 2nd period - Shot Misses the Net.
7:11 of 2nd period - Slapshot by Jeff Woywitka.
7:11 of 2nd period - Stopped by Al Montoya with a rebound.
7:13 of 2nd period - Snap shot by Jakub Voracek.
7:13 of 2nd period - Stopped by Al Montoya with a rebound.
7:19 of 2nd period - Minor Penalty to Chris Kreider for Holding.
7:20 of 2nd period - Rick Nash wins face-off versus Drew Miller in Blackhawks zone.
7:37 of 2nd period - Slapshot by Rick Nash.
7:37 of 2nd period - Stopped by Steve Mason without a rebound.
7:38 of 2nd period - Kyle Wellwood wins face-off versus Rick Nash in Flyers zone.
7:55 of 2nd period - Slapshot by Chris Mcallister.
7:55 of 2nd period - Shot Blocked by Joni Pitkanen.
9:19 of 2nd period - Penalty to Chris Kreider is over, Chris Kreider is back on ice.
9:39 of 2nd period - Slapshot by Mike Green.
9:39 of 2nd period - Deflect By Peter Regin.
9:39 of 2nd period - Shot Misses the Net.
9:39 of 2nd period - Puck is out of play.
9:40 of 2nd period - Matthew Lombardi wins face-off versus Zac Rinaldo in Flyers zone.
9:53 of 2nd period - Snap shot by Mats Zuccarello.
9:53 of 2nd period - Stopped by Al Montoya without a rebound.
9:54 of 2nd period - Derick Brassard wins face-off versus Jaromir Jagr in Blackhawks zone.
10:25 of 2nd period - Off-side.
10:26 of 2nd period - Jeff Carter wins face-off versus Tyler Johnson in neutral zone.
10:29 of 2nd period - Kevin Marshall is hit by Jeff Woywitka and loses puck.
10:58 of 2nd period - Snap shot by Chris Kreider.
10:58 of 2nd period - Stopped by Steve Mason without a rebound.
10:59 of 2nd period - Kyle Wellwood wins face-off versus Derick Brassard in Flyers zone.
11:13 of 2nd period - Wrist shot by Chris Kreider.
11:13 of 2nd period - Stopped by Steve Mason with a rebound.
11:33 of 2nd period - Slapshot by Joni Pitkanen.
11:33 of 2nd period - Deflect By Drew Miller.
11:33 of 2nd period - Stopped by Steve Mason without a rebound.
11:34 of 2nd period - Jeff Carter wins face-off versus Tyler Johnson in Flyers zone.
11:45 of 2nd period - Wrist shot by Jakub Voracek.
11:45 of 2nd period - Stopped by Al Montoya with a rebound.
11:59 of 2nd period - Rick Nash is hit by Jeff Woywitka and loses puck.
12:20 of 2nd period - Snap shot by Mason Raymond.
12:20 of 2nd period - Shot Misses the Net.
12:22 of 2nd period - Slapshot by Hampus Lindholm.
12:22 of 2nd period - Shot Misses the Net.
12:24 of 2nd period - Slapshot by Joni Pitkanen.
12:24 of 2nd period - Stopped by Steve Mason with a rebound.
12:26 of 2nd period - Wrist shot by Mason Raymond.
12:26 of 2nd period - Stopped by Steve Mason without a rebound.
12:27 of 2nd period - Zac Rinaldo wins face-off versus Jeff Carter in Flyers zone.
12:44 of 2nd period - Wrist shot by Jakub Voracek.
12:44 of 2nd period - Stopped by Al Montoya without a rebound.
12:45 of 2nd period - Rick Nash wins face-off versus Kyle Wellwood in Blackhawks zone.
12:45 of 2nd period - Rick Nash is hit by Kyle Wellwood.
12:54 of 2nd period - Minor Penalty to Kyle Wellwood for Hooking.
12:55 of 2nd period - Jeff Carter wins face-off versus Derick Brassard in Flyers zone.
13:04 of 2nd period - Jeff Carter is hit by Rick Nash and loses puck.
13:29 of 2nd period - Jeff Woywitka is hit by Tyler Johnson and loses puck.
13:50 of 2nd period - Slapshot by Oliver Ekman-Larsson.
13:50 of 2nd period - Shot Blocked by Tyler Johnson.
14:22 of 2nd period - Mike Green is hit by Steve McCarthy and loses puck.
14:29 of 2nd period - Joni Pitkanen is hit by J.T. Miller and loses puck.
14:54 of 2nd period - Penalty to Kyle Wellwood is over, Kyle Wellwood is back on ice.
14:57 of 2nd period - Icing by Chris Mcallister.
14:58 of 2nd period - Jaromir Jagr wins face-off versus Peter Regin in Flyers zone.
14:58 of 2nd period - Jaromir Jagr is hit by Tomas Fleischmann.
15:23 of 2nd period - Major / Game Misconduct Penalty to Brian McGrattan for Butt-ending.
15:23 of 2nd period - Brian McGrattan is ejected from game.
15:24 of 2nd period - Jeff Carter wins face-off versus Derick Brassard in Flyers zone.
16:08 of 2nd period - Snap shot by Kyle Wellwood.
16:08 of 2nd period - Stopped by Al Montoya with a rebound.
16:14 of 2nd period - Derick Brassard is hit by Jakub Voracek and loses puck.
16:21 of 2nd period - Jakub Voracek is hit by Rick Nash and loses puck.
17:04 of 2nd period - Bobby Ryan is hit by Steve McCarthy and loses puck.
17:20 of 2nd period - Matt Smaby is hit by Tyler Johnson.
18:22 of 2nd period - Steve McCarthy is hit by Hampus Lindholm and loses puck.
19:21 of 2nd period - Brian Lashoff is hit by Bobby Ryan and loses puck.
Goals for this period are 2 for Flyers vs 0 for Blackhawks.
Shots for this period are 16 for Flyers vs 8 for Blackhawks.
3rd period
0:01 of 3rd period - Derick Brassard wins face-off versus Jeff Carter in neutral zone.
0:14 of 3rd period - Backhand shot by Rick Nash.
0:14 of 3rd period - Stopped by Steve Mason with a rebound.
0:23 of 3rd period - Penalty to Brian McGrattan is over, J.T. Miller is send on ice.
0:26 of 3rd period - Joni Pitkanen is hit by Kyle Wellwood and loses puck.
0:33 of 3rd period - Slapshot by Denis Grebeshkov.
0:33 of 3rd period - Shot Misses the Net.
0:35 of 3rd period - Snap shot by Antoine Roussel.
0:35 of 3rd period - Stopped by Steve Mason with a rebound.
0:37 of 3rd period - Wrist shot by Tyler Johnson.
0:37 of 3rd period - Shot Misses the Net.
2:19 of 3rd period - Slapshot by Joni Pitkanen.
2:19 of 3rd period - Stopped by Steve Mason with a rebound.
3:39 of 3rd period - Oliver Ekman-Larsson is hit by Cam Janssen and loses puck.
4:21 of 3rd period - Brian Lashoff is hit by Mason Raymond and loses puck.
4:44 of 3rd period - Mats Zuccarello is hit by Antoine Roussel and loses puck.
4:53 of 3rd period - Bobby Ryan is hit by J.T. Miller and loses puck.
5:11 of 3rd period - Antoine Roussel is hit by J.T. Miller and loses puck.
5:18 of 3rd period - Slapshot by Kevin Marshall.
5:18 of 3rd period - Deflect By Antoine Roussel.
5:18 of 3rd period - Shot Misses the Net.
5:18 of 3rd period - Puck is out of play.
5:19 of 3rd period - Jeff Carter wins face-off versus Derick Brassard in Flyers zone.
5:26 of 3rd period - Wrist shot by Jakub Voracek.
5:26 of 3rd period - Stopped by Al Montoya without a rebound.
5:27 of 3rd period - Jeff Carter wins face-off versus Derick Brassard in Blackhawks zone.
5:28 of 3rd period - Wrist shot by Jakub Voracek.
5:28 of 3rd period - Shot Misses the Net.
5:30 of 3rd period - Slapshot by Jakub Voracek.
5:30 of 3rd period - Stopped by Al Montoya with a rebound.
5:32 of 3rd period - Slapshot by Nathan Beaulieu.
5:32 of 3rd period - Shot Blocked by Rick Nash.
5:50 of 3rd period - Wrist shot by Jakub Voracek.
5:50 of 3rd period - Shot Misses the Net.
5:52 of 3rd period - Wrist shot by Drew Miller.
5:52 of 3rd period - Goal by Drew Miller - Flyers : 3 - Blackhawks : 2.
5:53 of 3rd period - Derick Brassard wins face-off versus Jeff Carter in neutral zone.
5:56 of 3rd period - Snap shot by Mike Green.
5:56 of 3rd period - Shot Blocked by Oliver Ekman-Larsson.
6:06 of 3rd period - Slapshot by Jeff Carter.
6:06 of 3rd period - Shot Misses the Net.
6:08 of 3rd period - Snap shot by Drew Miller.
6:08 of 3rd period - Shot Misses the Net.
6:10 of 3rd period - Slapshot by Jeff Woywitka.
6:10 of 3rd period - Shot Blocked by Chris Kreider.
6:20 of 3rd period - Oliver Ekman-Larsson is hit by Joni Pitkanen and loses puck.
6:37 of 3rd period - Minor Penalty to Bobby Ryan for Hooking.
6:38 of 3rd period - Jeff Carter wins face-off versus Rick Nash in Blackhawks zone.
6:39 of 3rd period - Wrist shot by Jakub Voracek.
6:39 of 3rd period - Deflect By Drew Miller.
6:39 of 3rd period - Shot Blocked by Rick Nash.
6:39 of 3rd period - Puck is out of play.
6:40 of 3rd period - Jeff Carter wins face-off versus Rick Nash in Blackhawks zone.
6:43 of 3rd period - Wrist shot by Drew Miller.
6:43 of 3rd period - Shot Misses the Net.
6:45 of 3rd period - Wrist shot by Jakub Voracek.
6:45 of 3rd period - Goal by Jakub Voracek - Flyers : 4 - Blackhawks : 2.
6:46 of 3rd period - Derick Brassard wins face-off versus Jeff Carter in neutral zone.
6:53 of 3rd period - Snap shot by Derick Brassard.
6:53 of 3rd period - Stopped by Steve Mason with a rebound.
6:59 of 3rd period - Joni Pitkanen is hit by Jeff Carter.
7:04 of 3rd period - Icing by Joni Pitkanen.
7:05 of 3rd period - Derick Brassard wins face-off versus Kyle Wellwood in Blackhawks zone.
7:22 of 3rd period - Snap shot by Kyle Wellwood.
7:22 of 3rd period - Stopped by Al Montoya with a rebound.
7:36 of 3rd period - Snap shot by Antoine Roussel.
7:36 of 3rd period - Stopped by Steve Mason without a rebound.
7:37 of 3rd period - Tyler Johnson wins face-off versus Jeff Carter in Flyers zone.
7:40 of 3rd period - Wrist shot by Antoine Roussel.
7:40 of 3rd period - Deflect By Bobby Ryan.
7:40 of 3rd period - Stopped by Steve Mason without a rebound.
7:41 of 3rd period - Derick Brassard wins face-off versus Drew Miller in Flyers zone.
9:10 of 3rd period - Icing by J.T. Miller.
9:11 of 3rd period - Matthew Lombardi wins face-off versus Derick Brassard in Flyers zone.
10:02 of 3rd period - Steve McCarthy is hit by Tomas Fleischmann.
10:24 of 3rd period - Snap shot by Marcus Kruger.
10:24 of 3rd period - Deflect By Loui Eriksson.
10:24 of 3rd period - Goal by Loui Eriksson - Flyers : 5 - Blackhawks : 2.
10:25 of 3rd period - Jeff Carter wins face-off versus Rick Nash in neutral zone.
10:30 of 3rd period - Slapshot by Jeff Woywitka.
10:30 of 3rd period - Stopped by Al Montoya with a rebound.
10:32 of 3rd period - Slapshot by Drew Miller.
10:32 of 3rd period - Shot Blocked by Joni Pitkanen.
10:34 of 3rd period - Slapshot by Oliver Ekman-Larsson.
10:34 of 3rd period - Shot Misses the Net.
10:52 of 3rd period - Antoine Roussel is hit by Oliver Ekman-Larsson and loses puck.
10:59 of 3rd period - Wrist shot by Chris Mcallister.
10:59 of 3rd period - Stopped by Al Montoya with a rebound.
11:01 of 3rd period - Wrist shot by Jaromir Jagr.
11:01 of 3rd period - Stopped by Al Montoya with a rebound.
11:19 of 3rd period - Backhand shot by Cam Janssen.
11:19 of 3rd period - Shot Blocked by Loui Eriksson.
11:37 of 3rd period - Slapshot by Denis Grebeshkov.
11:37 of 3rd period - Shot Misses the Net.
11:59 of 3rd period - Slapshot by Steve McCarthy.
11:59 of 3rd period - Stopped by Al Montoya with a rebound.
12:01 of 3rd period - Slapshot by Drew Miller.
12:01 of 3rd period - Shot Misses the Net.
12:03 of 3rd period - Slapshot by Steve McCarthy.
12:03 of 3rd period - Stopped by Al Montoya with a rebound.
12:07 of 3rd period - Snap shot by Jakub Voracek.
12:07 of 3rd period - Shot Blocked by Denis Grebeshkov.
12:23 of 3rd period - Slapshot by Tyler Johnson.
12:23 of 3rd period - Stopped by Steve Mason with a rebound.
12:39 of 3rd period - Snap shot by Derick Brassard.
12:39 of 3rd period - Shot Misses the Net.
12:41 of 3rd period - Snap shot by Rick Nash.
12:41 of 3rd period - Stopped by Steve Mason without a rebound.
12:42 of 3rd period - Derick Brassard wins face-off versus Jeff Carter in Flyers zone.
12:48 of 3rd period - Minor Penalty to Drew Miller for Roughing.
12:49 of 3rd period - Jeff Carter wins face-off versus Derick Brassard in Flyers zone.
14:48 of 3rd period - Penalty to Drew Miller is over, Drew Miller is back on ice.
15:04 of 3rd period - Wrist shot by Jakub Voracek.
15:04 of 3rd period - Deflect By Drew Miller.
15:04 of 3rd period - Stopped by Al Montoya with a rebound.
15:34 of 3rd period - Cam Janssen is hit by Matt Smaby and loses puck.
16:27 of 3rd period - Chris Kreider is hit by Jakub Voracek and loses puck.
16:56 of 3rd period - Matthew Lombardi is hit by Hampus Lindholm and loses puck.
17:11 of 3rd period - Joni Pitkanen is hit by Loui Eriksson and loses puck.
17:40 of 3rd period - Lasse Kukkonen is hit by Loui Eriksson and loses puck.
17:58 of 3rd period - Minor Penalty to Matthew Lombardi for Hooking.
17:59 of 3rd period - Jeff Carter wins face-off versus Derick Brassard in Flyers zone.
18:55 of 3rd period - Minor Penalty to Drew Miller for Tripping.
18:56 of 3rd period - Antoine Roussel wins face-off versus Jeff Carter in Flyers zone.
19:08 of 3rd period - Oliver Ekman-Larsson is hit by Bobby Ryan and loses puck.
19:58 of 3rd period - Penalty to Matthew Lombardi is over, Matthew Lombardi is back on ice.
Goals for this period are 3 for Flyers vs 0 for Blackhawks.
Shots for this period are 12 for Flyers vs 8 for Blackhawks.
Back to the Top